 Dungeon Crawl Stone Soup version 0.26.1-11-gd32895ea62 (webtiles) character file.

Game seed: 6558268498185418041

121 Pelzball the Magician (level 5, 0/37 HPs)
             Began as a Gnoll Hedge Wizard on July 9, 2021.
             Succumbed to Robin's poison
             ... on level 2 of the Dungeon.
             The game lasted 00:10:57 (2981 turns).

Pelzball the Magician (Gnoll Hedge Wizard)          Turns: 2981, Time: 00:10:58

Health: 0/37       AC:  7    Str: 12    XL:     5   Next: 5%
Magic:  3/14       EV: 14    Int: 18    God:
Gold:   122        SH:  0    Dex: 14    Spells: 12/18 levels left

rFire    + . .     SeeInvis .   f - +1 dagger (speed)
rCold    + . .     Faith    .   (no shield)
rNeg     . . .     Spirit   .   k - +0 robe
rPois    +         Reflect  .   c - +0 hat
rElec    +         Harm     .   s - +0 cloak
rCorr    +         Rampage  .   i - +2 pair of gloves
Will     .....                  u - +0 pair of boots
Stlth    +++.......             (no amulet)
HPRegen  0.12/turn              (no ring)
MPRegen  0.14/turn              (no ring)

@: lethally poisoned (0 -> -1), about to teleport, resistant, berserk cooldown,
attractive, hasted and slowed
A: distributed training, fangs 1, strong nose
a: no special abilities


You were on level 2 of the Dungeon.
You visited 1 branch of the dungeon, and saw 3 of its levels.

You collected 122 gold pieces.

Inventory:

Hand Weapons
 f - a +1 dagger of speed (weapon)
Missiles
 m - 35 poisoned darts
Armour
 c - a +0 hat (worn)
 i - a +2 pair of gloves (worn)
 k - a +0 robe (worn)
 s - a +0 cloak (worn)
 u - a +0 pair of boots (worn)
Wands
 q - a wand of flame (18)
 v - a wand of digging (3)
Scrolls
 d - 4 scrolls of teleportation
 g - 3 scrolls of remove curse
 h - a scroll of amnesia {unknown}
 l - 3 scrolls of enchant weapon {unknown}
 n - 2 scrolls of noise {unknown}
 o - a scroll of immolation {unknown}
 p - 4 scrolls of identify {unknown}
 r - 4 scrolls of fog {unknown}
 t - a scroll of magic mapping {unknown}
Potions
 b - 2 potions of attraction
 j - a potion of resistance


   Skills:
 + Level 1.3 Fighting
 + Level 1.3 Short Blades
 + Level 1.3 Long Blades
 + Level 1.3 Axes
 + Level 1.3 Maces & Flails
 + Level 1.3 Polearms
 + Level 1.3 Staves
 + Level 1.3 Slings
 + Level 1.3 Bows
 + Level 1.3 Crossbows
 + Level 1.3 Throwing
 + Level 1.3 Armour
 + Level 4.7 Dodging
 + Level 4.3 Stealth
 + Level 1.3 Shields
 + Level 1.3 Unarmed Combat
 + Level 7.2 Spellcasting
 + Level 2.3 Conjurations
 + Level 1.0 Hexes
 + Level 2.3 Summonings
 + Level 1.0 Necromancy
 + Level 2.3 Translocations
 + Level 1.0 Transmutations
 + Level 1.0 Fire Magic
 + Level 1.0 Ice Magic
 + Level 1.0 Air Magic
 + Level 1.0 Earth Magic
 + Level 1.0 Poison Magic
 + Level 1.4 Invocations
 + Level 1.3 Evocations


You had 12 spell levels left.
You knew the following spells:

 Your Spells              Type           Power        Failure   Level
a - Magic Dart            Conj           56%          4%          1
b - Blink                 Tloc           N/A          6%          2
c - Mephitic Cloud        Conj/Pois/Air  11%          17%         3

Your spell library contained the following spells:

 Spells                   Type           Power        Failure   Level
 Call Imp                 Summ           14%          6%          2
 Slow                     Hex            10%          11%         2
 Conjure Flame            Conj/Fire      12%          16%         3


Dungeon Overview and Level Annotations

Branches:
Dungeon (3/15)

Altars:
Qazlal
Ru

Annotations:
D:3 Robin


Innate Abilities, Weirdness & Mutations

Your experience applies equally to all skills.
You have very sharp teeth.
Your uncanny sense of smell can sniff out nearby items.


Message History

You hit the goblin. You bite the goblin.
You kill the goblin!
Things that are here:
a +0 dagger; a goblin corpse You are too berserk!
Unknown command.
You feel a strong urge to attack something.
* * * LOW HITPOINT WARNING * * *
You feel sick.
You feel your anger nearly subside.
You are no longer berserk.
You pass out from exhaustion.
You feel yourself slow down.
You can move again.
You feel protected.
As you read the scroll labelled MIKAIQIPLI, it crumbles to dust.
You feel strangely unstable.
It was a scroll of teleportation.
As you read the scroll labelled RUUSES MIORR, it crumbles to dust.
You feel as if something is helping you.
It was a scroll of remove curse.
You die...

####.#.######.....##.##
#......##..........#
##...............#.###
#####.........).....##
##..........#.#..#### ####
#.....)........<...## ...#
####........).##.#..).># ...#
#.............##.#####.#
...#####.#).....@.......#####.##
.........)...........##<....#..#
...#####.#...........##.###....##
.....................##..#####.#.
....#####..#.........###....##...
.####......##)<.....## ####.###..
(.##..##..####.....## #...#..
#.....##.## ###..## ###..#.
.........## ##.### ##...


There were no monsters in sight!

Vanquished Creatures
  4 adders
  3 oozes
  A dart slug (D:2)
  3 leopard geckos (D:1)
  2 ball pythons
  6 bats
  4 giant cockroaches
  13 goblins
  11 hobgoblins
  7 kobolds
  A quokka (D:2)
  3 frilled lizards
  3 rats
61 creatures vanquished.

Notes
Turn   | Place    | Note
-------+----------+-------------------------------------------
     0 | D:1      | Pelzball the Gnoll Hedge Wizard began the quest for the
                  | Orb.
     0 | D:1      | Reached XP level 1. HP: 13/13 MP: 8/8
   477 | D:1      | Reached XP level 2. HP: 19/19 MP: 8/10
   873 | D:1      | Reached XP level 3. HP: 25/25 MP: 6/11
  1073 | D:2      | Learned a level 2 spell: Blink
  1077 | D:2      | Learned a level 3 spell: Mephitic Cloud
  1162 | D:2      | Reached skill level 1 in Invocations
  1260 | D:2      | Reached skill level 1 in Fighting
  1260 | D:2      | Reached skill level 1 in Short Blades
  1260 | D:2      | Reached skill level 1 in Long Blades
  1260 | D:2      | Reached skill level 1 in Axes
  1260 | D:2      | Reached skill level 1 in Maces & Flails
  1260 | D:2      | Reached skill level 1 in Polearms
  1260 | D:2      | Reached skill level 1 in Staves
  1260 | D:2      | Reached skill level 1 in Slings
  1260 | D:2      | Reached skill level 1 in Bows
  1260 | D:2      | Reached skill level 1 in Crossbows
  1260 | D:2      | Reached skill level 1 in Throwing
  1260 | D:2      | Reached skill level 1 in Armour
  1260 | D:2      | Reached skill level 1 in Shields
  1260 | D:2      | Reached skill level 1 in Unarmed Combat
  1260 | D:2      | Reached skill level 1 in Evocations
  1401 | D:2      | Reached XP level 4. HP: 30/32 MP: 7/13
  1753 | D:2      | Noticed an air elemental
  1755 | D:2      | Found a stormy altar of Qazlal.
  1757 | D:2      | Noticed an earth elemental
  1757 | D:2      | Noticed a fire elemental
  1757 | D:2      | Noticed a water elemental
  1871 | D:3      | Found a sacrificial altar of Ru.
  2144 | D:3      | Reached skill level 1 in Hexes
  2144 | D:3      | Reached skill level 1 in Necromancy
  2144 | D:3      | Reached skill level 1 in Transmutations
  2144 | D:3      | Reached skill level 1 in Fire Magic
  2144 | D:3      | Reached skill level 1 in Ice Magic
  2144 | D:3      | Reached skill level 1 in Air Magic
  2144 | D:3      | Reached skill level 1 in Earth Magic
  2144 | D:3      | Reached skill level 1 in Poison Magic
  2923 | D:3      | Noticed Robin
  2929 | D:3      | Reached XP level 5. HP: 37/37 MP: 6/14
  2970 | D:2      | HP: 1/37 [poisoned by Robin]
  2976 | D:2      | HP: 1/55 [poisoned by Robin]
  2981 | D:2      | Succumbed to Robin's poison

Illustrated notes

Levels and vault maps discovered:
D:1:      dpeg_arrival_chambers_temple_mockup, layout_rooms,
          minmay_fountain_box, st_stairs_2
D:2:      layout_rooms, nicolae_qazlal_style_of_elements
D:3:      layout_basic, nicolae_ru_awakened_eye, minmay_misc_feat_nine_boxes,
          minmay_goblin_kobold_house, uniq_robin

Skill      XL: |  1  2  3  4 |
---------------+-------------+-----
Conjurations   | 2 |  2.3
Summonings     | 2 |  2.3
Translocations | 2 |  2.3
Invocations    | 1 |  1.4
Fighting       | 1 |  1.3
Short Blades   | 1 |  1.3
Long Blades    | 1 |  1.3
Axes           | 1 |  1.3
Maces & Flails | 1 |  1.3
Polearms       | 1 |  1.3
Staves         | 1 |  1.3
Slings         | 1 |  1.3
Bows           | 1 |  1.3
Crossbows      | 1 |  1.3
Throwing       | 1 |  1.3
Armour         | 1 |  1.3
Shields        | 1 |  1.3
Unarmed Combat | 1 |  1.3
Evocations     | 1 |  1.3
Hexes          | 1 |  1.0
Necromancy     | 1 |  1.0
Transmutations | 1 |  1.0
Fire Magic     | 1 |  1.0
Ice Magic      | 1 |  1.0
Air Magic      | 1 |  1.0
Earth Magic    | 1 |  1.0
Poison Magic   | 1 |  1.0
Dodging        | |  4.7
Stealth        | |  4.3
Spellcasting   | |  7.2

Action                   |  1- 3 |  4- 6 || total
-------------------------+-------+-------++-------
Melee: Dagger            |    25 |    78 ||   103
       Bite              |     1 |     9 ||    10
Throw: Dart              |     1 |       ||     1
 Cast: Magic Dart        |    64 |    70 ||   134
       Blink             |     1 |     5 ||     6
  Use: Potion            |       |     4 ||     4
       Scroll            |       |     2 ||     2
 Stab: Sleeping          |     3 |       ||     3
Armor: Robe              |    10 |     7 ||    17
Dodge: Dodged            |    25 |    36 ||    61
